Map: Alcyone LE

Players

Savage - Winner!

  • Race: Zerg Zerg
  • League: Bronze
  • Spawn Location: 1:00

Jojo

  • Race: Terran Terran
  • Spawn Location: 7:00

VOD

Have the link to the VOD?

Description

Time

  • Played on: Feb. 23, 2024, 8:58 p.m.
  • Length: 30:20
Show
View Real Time Build Order
Export as new Build Order

Savage Zerg - Winner!

Build Orders: Hatch First 

Get SALT Encoding   

  12  0:02  Drone  
  13  0:14  Overlord  
  13  0:17  Drone  
  14  0:33  Drone x2  
  16  0:36  Drone  
  17  0:55  Hatchery  
  16  0:59  Drone  
  16  1:03  Extractor, Drone  
  17  1:16  Spawning Pool  
  17  1:18  Drone  
  17  1:21  Drone  
  18  1:29  Drone  
  19  1:43  Drone  
  20  1:51  Overlord  
  20  2:03  Queen  
  20  2:07  Queen  
  24  2:09  Zergling x4  
  24  2:11  Metabolic Boost  
  26  2:18  Drone  
  26  2:19  Drone  
  28  2:23  Drone  
  28  2:28  Drone  
  30  2:35  Overlord  
  30  2:43  Queen  
  32  2:47  Drone x2  
  35  2:58  Drone x2  
  36  3:16  Hatchery  
  36  3:17  Overlord  
  36  3:18  Overlord  
  36  3:19  Drone  
  36  3:20  Drone x3  
  36  3:24  Queen  
  41  3:45  Drone x9  
  50  3:58  Drone  
  50  3:59  Drone x3, Extractor  
  53  4:05  Overlord  
  53  4:30  Extractor  
  52  4:31  Extractor  
  52  4:36  Evolution Chamber  
  52  4:37  Drone x4  
  52  4:38  Drone, Evolution Chamber  
  54  4:39  Baneling Nest  
  54  4:40  Zergling x12  
  59  5:04  Zerg Melee Weapons Level 1  
  59  5:06  Zerg Ground Armor Level 1  
  59  5:11  Drone x5  
  59  5:12  Drone x2  
  66  5:19  Hatchery  
  66  5:20  Lair  
  65  5:32  Zergling x2  
  66  5:35  Overlord x2  
  66  5:36  Overlord x4  
  66  5:39  Baneling  
  66  5:40  Baneling x7  
  66  6:01  Spore Crawler, Queen  
  66  6:03  Queen  
  69  6:07  Spore Crawler  
  69  6:09  Drone  
  69  6:10  Drone x10, Spore Crawler  
  78  6:12  Zergling x2  
  78  6:13  Zergling x12  
  78  6:18  Spore Crawler  
  73  6:58  Spore Crawler  
  73  6:59  Zergling x14  
  73  7:00  Zergling x6  
  78  7:13  Spire  
  77  7:24  Baneling x5  
  77  7:25  Baneling x15  
  77  7:26  Zergling x2  
  77  7:27  Zergling x22  
  89  7:35  Zerg Melee Weapons Level 2, Zerg Ground Armor Level 2  
  89  8:08  Centrifugal Hooks  
  89  8:16  Infestation Pit  
  89  8:19  Drone  
  89  8:20  Drone x6  
  89  8:22  Extractor  
  89  8:24  Extractor  
  93  8:38  Overlord x5  
  93  8:39  Overlord x4  
  93  8:52  Drone  
  93  8:53  Drone x7  
  101  9:04  Drone x4  
  101  9:05  Drone  
  106  9:14  Hatchery  
  105  9:18  Mutalisk  
  105  9:19  Mutalisk x9  
  105  9:20  Mutalisk  
  105  9:21  Mutalisk  
  129  9:26  Zergling x2  
  129  9:27  Zergling x20  
  134  10:04  Roach Warren  
  134  10:06  Hydralisk Den  
  132  10:15  Hive  
  132  10:32  Drone x4  
  132  10:33  Drone x12  
  132  10:34  Queen  
  150  10:42  Extractor  
  149  10:44  Extractor  
  149  10:49  Grooved Spines  
  148  10:50  Glial Reconstitution  
  148  11:19  Hatchery  
  147  11:34  Extractor  
  147  11:35  Extractor  
  147  11:36  Overlord x4  
  147  11:37  Overlord x3  
  147  11:38  Overseer  
  147  11:39  Overseer  
  145  11:40  Muscular Augments  
  145  11:53  Spire  
  145  11:54  Ultralisk Cavern  
  143  12:19  Hydralisk  
  143  12:20  Hydralisk x14  
  151  12:45  Drone x7  
  151  12:46  Drone x8  
  157  12:59  Overseer  
  126  13:21  Roach x4  
  126  13:22  Roach x25  
  126  13:23  Roach x13  
  126  13:26  Roach  
  126  13:27  Roach x2  
  199  13:42  Spore Crawler  
  199  13:44  Drone  
  199  13:45  Drone x2, Spine Crawler x2  
  199  13:46  Drone  
  160  14:28  Roach  
  160  14:29  Roach x12  
  160  14:30  Roach x9  
  136  14:47  Hydralisk x2  
  136  14:48  Hydralisk x7  
  130  15:27  Roach  
  130  15:28  Roach x26  
  164  15:29  Roach  
  144  16:02  Ultralisk x5  
  166  16:04  Roach  
  166  16:05  Roach x13  
  166  16:06  Roach x3  
  200  16:12  Zerg Melee Weapons Level 3  
  200  16:13  Zerg Ground Armor Level 3  
  183  16:45  Drone x3  
  182  17:16  Drone x11  
  193  17:35  Hatchery  
  164  18:07  Corruptor  
  164  18:08  Corruptor x8  
  164  18:09  Corruptor  
  174  19:17  Overseer x3  
  174  19:32  Queen  
  176  20:07  Extractor  
  176  20:08  Extractor  
  174  20:15  Hydralisk  
  174  20:16  Hydralisk x12  
  178  20:50  Drone x2  
  178  20:51  Drone x10  
  185  21:22  Zerg Missile Weapons Level 1  
  71  21:47  Roach x7  
  71  21:48  Hydralisk x4, Roach x5  
  71  21:49  Hydralisk x5  
  71  21:50  Roach x13  
  71  21:51  Roach x12  
  161  22:09  Spine Crawler x2  
  161  22:10  Spine Crawler  
  154  23:02  Corruptor x4  
  154  23:03  Corruptor x2  
  165  23:13  Queen  
  165  23:24  Greater Spire  
  165  23:27  Zerg Flyer Weapons Level 1  
  159  24:02  Hatchery  
  159  24:09  Drone x8  
  169  24:10  Drone x3  
  169  24:48  Corruptor x7  
  169  24:49  Corruptor x8  
  199  25:06  Spine Crawler x3  
  196  25:07  Spine Crawler x2  
  190  25:19  Brood Lord x2  
  194  25:23  Brood Lord  
  190  25:30  Brood Lord  
  186  25:57  Brood Lord  
  186  25:58  Brood Lord x3  
  194  26:23  Drone  
  194  26:24  Drone x5  
  200  26:37  Hatchery  
  185  27:30  Zergling x2  
  185  27:31  Zergling x26  
  185  27:32  Zergling x2  
  178  28:03  Roach x4  
  178  28:04  Roach x9  
  200  28:08  Overlord  
  168  28:55  Overseer x2  
  168  28:56  Overseer x3  
  155  29:20  Corruptor  
  155  29:21  Corruptor x7  
Show
View Real Time Build Order
Export as new Build Order

Jojo Terran 

Build Orders: Mech 

Get SALT Encoding   

  12  0:00  SCV  
  13  0:15  SCV  
  13  0:18  Supply Depot  
  14  0:27  SCV  
  15  0:31  Refinery  
  15  0:41  Barracks  
  15  0:45  SCV  
  16  0:57  SCV  
  17  1:09  SCV  
  18  1:22  SCV  
  19  1:34  Command Center  
  19  1:39  Marine  
  20  1:50  Factory  
  20  1:58  Orbital Command  
  20  2:19  Bunker  
  20  2:20  Marine  
  21  2:24  SCV, Refinery  
  22  2:35  Factory Tech Lab  
  22  2:39  Starport  
  22  2:46  SCV  
  23  2:55  Supply Depot  
  23  2:59  Orbital Command  
  23  3:06  Siege Tank  
  23  3:09  SCV  
  27  3:21  Viking, SCV  
  30  3:28  SCV  
  32  3:36  SCV  
  32  3:49  SCV  
  32  3:50  SCV  
  32  3:53  Barracks Reactor  
  34  4:01  SCV  
  34  4:02  SCV  
  36  4:13  SCV  
  36  4:14  SCV  
  38  4:20  Command Center  
  38  4:22  Banshee  
  41  4:25  SCV  
  41  4:26  SCV  
  41  4:27  Refinery  
  41  4:29  Refinery  
  43  4:37  SCV  
  44  4:38  SCV  
  45  4:50  SCV  
  45  4:51  Supply Depot  
  46  4:55  Hellion x2, SCV  
  46  4:57  Supply Depot  
  51  5:00  Armory  
  51  5:02  SCV  
  52  5:07  SCV  
  52  5:14  SCV  
  54  5:17  Hellion  
  54  5:19  SCV  
  57  5:22  Hellion  
  57  5:23  Factory  
  57  5:26  SCV  
  60  5:31  SCV  
  60  5:33  Orbital Command  
  61  5:37  Raven  
  61  5:38  Factory, SCV  
  61  5:39  Hellion  
  66  5:43  Hellion  
  68  5:59  SCV  
  68  6:00  Terran Vehicle Weapons Level 1, Orbital Command  
  68  6:03  Engineering Bay  
  69  6:05  SCV  
  69  6:09  Supply Depot x2  
  70  6:15  Factory  
  70  6:20  Factory Tech Lab  
  60  6:57  SCV x3  
  64  7:01  Factory Tech Lab, Hellion x2  
  64  7:02  Factory Tech Lab, Infernal Pre-Igniter  
  64  7:05  Factory  
  64  7:22  Thor x2  
  76  7:23  SCV  
  76  7:26  Missile Turret  
  77  7:35  Refinery  
  77  7:38  Refinery  
  77  7:39  Missile Turret  
  77  7:40  Hellion x2  
  81  7:52  Factory Tech Lab, Missile Turret  
  81  7:56  Thor  
  87  8:01  Hellion x2  
  87  8:04  Thor  
  87  8:05  Thor  
  103  8:12  Hellion  
  105  8:15  Raven, Missile Turret  
  105  8:19  Terran Vehicle And Ship Armor Level 1  
  107  8:23  Widow Mine  
  107  8:24  Missile Turret  
  109  8:31  Armory, SCV  
  110  8:38  Supply Depot  
  110  8:39  Thor  
  116  8:48  Hellion x3, Widow Mine  
  124  8:49  SCV  
  125  9:00  Widow Mine, SCV x2  
  125  9:02  Supply Depot, SCV  
  130  9:09  Siege Tank  
  133  9:13  Command Center  
  133  9:24  Siege Tank, Widow Mine x2  
  140  9:26  Supply Depot  
  136  9:49  Siege Tank x2, Widow Mine x3  
  148  9:57  Missile Turret  
  148  9:59  Sensor Tower  
  148  10:09  SCV  
  149  10:17  Missile Turret  
  149  10:19  Supply Depot  
  149  10:23  Thor, SCV x2  
  149  10:24  Thor  
  149  10:25  Siege Tank, Hellion, SCV  
  149  10:26  Terran Vehicle And Ship Armor Level 2  
  149  10:27  Terran Vehicle Weapons Level 2, Refinery  
  169  10:30  Hi-Sec Auto Tracking, Supply Depot  
  169  10:32  Planetary Fortress  
  169  10:35  SCV x2  
  169  10:37  SCV  
  172  11:11  Missile Turret  
  172  11:19  Hellion x2  
  176  11:32  Missile Turret  
  176  11:39  Hellion x2, Cyclone x2  
  184  11:46  Starport  
  184  11:48  SCV  
  184  11:50  SCV x2  
  187  11:59  Refinery  
  187  12:00  SCV  
  188  12:05  Missile Turret  
  188  12:25  Missile Turret  
  178  12:46  Missile Turret  
  166  12:52  Siege Tank, Hellion x3  
  166  12:53  Siege Tank, Hellion  
  136  13:28  Siege Tank  
  136  13:29  Siege Tank x3, Hellion x2  
  152  13:44  SCV x3  
  152  13:45  SCV  
  156  13:51  Hellion x2  
  156  13:54  Terran Vehicle And Ship Armor Level 3  
  156  13:55  Terran Vehicle Weapons Level 3  
  160  13:56  SCV x2  
  160  13:57  Raven, SCV x2  
  160  13:58  Starport Reactor  
  160  14:00  Siege Tank, Thor, Starport  
  160  14:01  Thor x2  
  187  14:03  Fusion Core  
  187  14:08  SCV  
  188  14:11  Command Center  
  188  14:17  Hellion  
  188  14:18  Hellion  
  135  14:32  Thor  
  133  14:38  Hellion  
  133  14:39  Hellion  
  133  14:44  Hellion x3  
  128  15:00  Hellion  
  128  15:01  Hellion  
  128  15:05  Siege Tank x3  
  135  15:16  Hellion  
  136  15:21  Hellion  
  136  15:22  Hellion  
  118  15:37  Siege Tank x2, Hellion  
  118  15:38  Hellion  
  119  15:42  Hellion  
  119  15:43  Hellion  
  106  15:57  SCV  
  106  15:58  SCV  
  106  15:59  Hellion x2  
  106  16:04  Hellion  
  112  16:05  Hellion  
  112  16:08  Starport Tech Lab  
  112  16:09  Hellion x2  
  118  16:12  Viking x3  
  124  16:20  Hellion x2  
  124  16:25  Hellion  
  130  16:26  Hellion  
  130  16:30  Siege Tank  
  130  16:31  Hellion  
  130  16:32  Orbital Command  
  135  16:41  Siege Tank  
  135  16:42  Viking, Siege Tank  
  135  16:47  Hellion  
  145  16:48  Cyclone  
  145  16:52  Siege Tank, Banshee x2  
  156  17:00  Hurricane Engines  
  156  17:03  Siege Tank  
  156  17:08  Cyclone  
  157  17:13  Siege Tank, Liberator x2  
  157  17:14  Siege Tank  
  169  17:18  Planetary Fortress  
  169  17:21  Cyclone, SCV, Refinery  
  169  17:22  SCV x2  
  174  17:24  Cyclone, SCV  
  177  17:34  Banshee  
  177  17:35  Banshee, Hellion  
  185  17:40  Hellion  
  171  17:56  Liberator x2  
  162  18:17  Banshee, Liberator  
  162  18:19  Cyclone x4  
  180  18:20  Hellion x2  
  180  18:52  Hellion, SCV  
  180  18:55  Liberator  
  180  18:59  Drilling Claws  
  180  19:26  Barracks  
  180  19:28  Missile Turret x2  
  180  19:31  Barracks  
  180  19:35  Barracks  
  180  19:47  Neosteel Armor  
  180  19:49  Missile Turret  
  179  20:54  Widow Mine x2  
  179  20:55  Raven, Widow Mine  
  179  20:56  Widow Mine x2  
  177  20:57  Widow Mine  
  177  20:58  Battlecruiser  
  169  21:15  Hellion x2  
  169  21:17  Hellion, Cyclone  
  169  21:18  Command Center, Widow Mine  
  179  21:25  Cloaking Field  
  179  21:34  Hellion  
  179  21:36  Widow Mine  
  179  21:37  Widow Mine  
  179  21:38  Widow Mine  
  179  21:39  Widow Mine  
  167  21:48  Thor  
  173  21:55  Cyclone  
  173  21:58  Hellion  
  173  21:59  Hellion  
  179  22:30  Thor, Hellion, Widow Mine x3  
  193  22:41  Liberator  
  194  22:48  Liberator  
  195  22:59  Barracks Tech Lab x2  
  195  23:00  Barracks Tech Lab  
  195  23:03  Widow Mine  
  195  23:09  Widow Mine  
  195  23:11  Widow Mine  
  195  23:15  Liberator  
  195  23:17  Liberator  
  193  23:24  Cyclone  
  193  23:26  Cyclone  
  195  23:57  Hyperflight Rotors  
  195  24:00  Hellion x2, Cyclone  
  195  24:12  Liberator  
  195  24:20  Hellion  
  194  24:37  Refinery  
  194  24:43  Barracks x2  
  194  24:45  Barracks  
  194  24:47  Missile Turret  
  194  24:48  Missile Turret  
  194  24:49  Advanced Ballistics, Missile Turret  
  194  24:50  Hellion, Widow Mine x2  
  200  25:10  Missile Turret  
  200  25:12  Widow Mine  
  200  25:27  Planetary Fortress  
  200  25:47  Barracks Tech Lab  
  200  25:54  Barracks Tech Lab  
  200  25:55  Barracks Tech Lab  
  200  26:04  Stimpack  
  200  26:08  Weapon Refit  
  200  26:34  Terran Ship Weapons Level 1  
  200  26:38  Refinery  
  200  26:39  Missile Turret, Refinery  
  200  26:41  Sensor Tower  
  200  26:57  Hellion x2  
  174  27:08  Viking x3  
  174  27:09  Viking  
  157  27:18  Hellion x2  
  123  27:33  Thor, Hellion x3  
  135  27:38  Viking x2  
  135  27:40  Hellion x2  
  112  27:55  Hellion  
  119  28:02  Marine  
  119  28:03  Marine x5  
  120  28:08  Combat Shield  
  108  28:16  Hellion  
  108  28:20  Marine x2  
  108  28:21  Marine x4  
  93  28:38  Marine x4  
  93  28:39  Marine  
  72  28:52  Marine  
  73  28:56  Marine x5  
  77  29:10  Marine  
  77  29:14  Marine x5  
Tags
 
Composition
Mech
League
Bronze
Matchup
TvZ
Spawn Locations
Cross Positions
Add a new tag
Caveats
  • Supply blocks, unpowered buildings, or Contaminate may cause inaccurate times.
  • Supply counts are checked every 10 seconds.